 Dungeon Crawl Stone Soup version 0.29.0-5-ge4962eb29e (webtiles) character file.

Game seed: 11530856450644794873

287 inmateoo the Magician (level 6, 0/49 HPs)
             Began as a Tengu Hedge Wizard on Aug 30, 2022.
             Constricted to death by Sigmund (6 damage)
             ... on level 3 of the Dungeon.
             The game lasted 00:07:28 (3950 turns).

inmateoo the Magician (Tengu Hedge Wizard)          Turns: 3950, Time: 00:07:29

Health: 0/49       AC:  2    Str: 11    XL:     6   Next: 30%
Magic:  5/13       EV: 12    Int: 16    God:
Gold:   60         SH:  0    Dex: 13    Spells: 10/13 levels left

rFire   . . .      SeeInvis .   a - +0 dagger
rCold   . . .      Faith    .   (no shield)
rNeg    . . .      Spirit   .   b - +0 robe
rPois   .          Reflect  .   c - +0 hat
rElec   .          Harm     .   (no cloak)
rCorr   .          Rampage  .   (no gloves)
Will    .....                   (boots unavailable)
Stlth   ..........              (no amulet)
HPRegen 0.16/turn               (no ring)
MPRegen 0.13/turn               (no ring)

@: berserking, grasped by roots, flying quickly and evasively, constricted, very
quick
A: beak, talons 3, nimble flight
a: no special abilities


You were on level 3 of the Dungeon.
You visited 1 branch of the dungeon, and saw 4 of its levels.

You collected 60 gold pieces.

Inventory:

Hand Weapons
 a - a +0 dagger (weapon)
Armour
 b - a +0 robe (worn)
 c - a +0 hat (worn)
Magical Staves
 f - a staff of fire
Scrolls
 h - a scroll of fog {unknown}
 j - a scroll of acquirement {unknown}
 k - a scroll of summoning {unknown}
 l - a scroll of amnesia {unknown}
 m - a scroll of enchant armour {unknown}
Potions
 d - a potion of magic
 e - a potion of heal wounds {unknown}
 g - 2 potions of berserk rage
 i - 2 potions of might {unknown}


   Skills:
 + Level 0.8 Fighting
 + Level 3.2 Dodging
 - Level 4.0 Stealth
 + Level 4.1 Spellcasting
 - Level 2.0 Conjurations
 - Level 2.0 Summonings
 - Level 2.0 Translocations
 + Level 0.9 Fire Magic
 + Level 0.6 Evocations


You had 10 spell levels left.
You knew the following spells:

 Your Spells              Type           Power      Damage    Failure   Level
a - Magic Dart            Conj           36%        1d4       8%          1
b - Call Imp              Summ           9%         N/A       11%         2

Your spell library contained the following spells:

 Spells                   Type           Power      Damage    Failure   Level
 Blink                    Tloc           18%        N/A       11%         2
 Slow                     Hex            12%        N/A       17%         1
 Conjure Flame            Conj/Fire      8%         6-21      26%         3
 Mephitic Cloud           Conj/Pois/Air  5%         N/A       36%         3


Dungeon Overview and Level Annotations

Branches:
Dungeon (4/15)
 Temple: D:4-7

Altars:

Annotations:
D:3 Sigmund


Innate Abilities, Weirdness & Mutations

You have a beak for a mouth.
You have claws for feet.
Your magical nature lets you fly swiftly and evasively.


Message History

Aim: Sigmund, wielding a +0 scythe, wearing a +2 robe of willpower and carrying a wand of roots (2) (black smoke, moderately wounded, ally target, 100% to hit)
The magic dart hits Sigmund but does no damage.
Sigmund is moderately wounded.
Sigmund zaps a wand.
The roots erupt in riotous growth!
The grasping roots grab you! The grasping roots constrict you.
Your crimson imp hits Sigmund but does no damage.
Okay, then.
Casting: Magic Dart (safe; 8% risk of failure)
Confirm with . or Enter, or press ? or * to list all spells.
Aiming: Magic Dart (safe; 8% risk of failure)
Press: ? - help, Shift-Dir - straight line, f/p - Sigmund
Aim: Sigmund, wielding a +0 scythe, wearing a +2 robe of willpower and carrying a wand of roots (1) (moderately wounded, ally target, 100% to hit)
The magic dart hits Sigmund but does no damage.
Sigmund is moderately wounded.
Sigmund casts a spell at you. You resist with some effort.
The grasping roots constrict you.
* * * LOW HITPOINT WARNING * * *
Your crimson imp closely misses Sigmund.
It was a potion of berserk rage.
A red film seems to cover your vision as you go berserk!
You feel yourself moving faster!
You feel mighty!
Sigmund hits you from afar with a +0 scythe.
* * * LOW HITPOINT WARNING * * *
The grasping roots constrict you.
* * * LOW HITPOINT WARNING * * *
Your crimson imp hits Sigmund but does no damage.
The grasping roots release their grip on you.
You feel a strong urge to attack something.
Sigmund is nearby!
You hit Sigmund but do no damage. Your kick misses Sigmund.
Sigmund is lightly wounded.
Sigmund zaps a wand.
The roots erupt in riotous growth!
The grasping roots grab you!
Sigmund is unaffected.
Roots grab your crimson imp.
The now-empty wand crumbles to dust.
The grasping roots constrict your crimson imp.
The grasping roots constrict you.
You die...

### ############ ###'##
#..........# #....#
#..........# #....#
#..........# #....#
#..........# #..>†#
#..........#
#.@@.###..........#
###5...#..........#
#########.##............#
#...........)...........'
#########...............#
#.........).....#
#.....#'######### ###
#.....#.### #.. #.#
#...###..)#####..


You could see Sigmund (ally target) and a friendly crimson imp (summoned,
rooted).

Vanquished Creatures
  Natasha (D:3)
  2 adders (D:3)
  2 orcs
  6 bats
  12 endoplasms
  A goblin (D:3)
  4 hobgoblins
  2 kobolds (D:1)
  2 quokkas
  2 ball pythons (D:3)
  3 rats
37 creatures vanquished.

Vanquished Creatures (collateral kills)
  An ogre (D:3)
  A hound (D:3)
  Jessica (D:3)
  Natasha (twice) (D:3)
  An adder (D:3)
  An orc (D:4)
  A ball python (D:3)
8 creatures vanquished.

Vanquished Creatures (others)
  2 plants (D:1)
2 creatures vanquished.

Grand Total: 47 creatures vanquished

Notes
Turn   | Place    | Note
-------+----------+-------------------------------------------
     0 | D:1      | inmateoo the Tengu Hedge Wizard began the quest for the
                  | Orb.
     0 | D:1      | Reached XP level 1. HP: 10/10 MP: 5/5
   224 | D:1      | Reached skill level 1 in Translocations
   224 | D:1      | Reached XP level 2. HP: 13/15 MP: 1/7
   282 | D:1      | Learned a level 2 spell: Call Imp
   322 | D:1      | Found a faded altar of an unknown god.
  1419 | D:2      | You fall into a shaft and drop 2 floors!
  1433 | D:3      | Reached XP level 3. HP: 12/19 MP: 0/8
  1557 | D:3      | Noticed Jessica
  1567 | D:3      | Killed Jessica
  1853 | D:3      | Noticed Natasha
  1876 | D:3      | Killed Natasha
  1877 | D:3      | Reached XP level 4. HP: 17/24 MP: 3/10
  1995 | D:3      | Noticed Natasha
  2002 | D:3      | Killed Natasha
  2102 | D:3      | Gained mutation: Your magical nature lets you fly swiftly
                  | and evasively. [Tengu growth]
  2102 | D:3      | Reached XP level 5. HP: 28/28 MP: 3/11
  2304 | D:3      | Noticed an ogre
  2335 | D:3      | Killed an ogre
  2620 | D:3      | Noticed Sigmund
  3175 | D:3      | Reached XP level 6. HP: 17/32 MP: 11/13
  3610 | D:3      | Noticed Natasha
  3620 | D:3      | Killed Natasha
  3950 | D:3      | Constricted to death by Sigmund

Illustrated notes

Levels and vault maps discovered:
D:1:      elethiomel_arrival_infinity_welcomes_careful_drivers,
          layout_loops_corners, basic_ecumenical_altar, serial_bayou_pond_c
D:2:      layout_loops_ring, minmay_lizard_king
D:3:      layout_basic, minmay_pentomino_pile, uniq_sigmund, uniq_jessica,
          uniq_natasha
D:4:      layout_basic, minitemple, mainiacjoe_overflow_brackets

Skill      XL: |  1  2  3  4  5 |
---------------+----------------+-----
Translocations | 1 2 |  2.0
Conjurations   | 2 |  2.0
Summonings     | 2 |  2.0
Dodging        | 3 |  3.2
Stealth        | 4 |  4.0
Spellcasting   | 4 |  4.1
Fighting       | |  0.8
Fire Magic     | |  0.9
Evocations     | |  0.6

Action                   |  1- 3 |  4- 6 || total
-------------------------+-------+-------++-------
Melee: Dagger            |    12 |    42 ||    54
       Kick              |     4 |     9 ||    13
       Peck              |     1 |     9 ||    10
       Punch             |     1 |     1 ||     2
 Cast: Magic Dart        |    64 |    24 ||    88
       Call Imp          |     3 |    22 ||    25
  Use: Scroll            |     2 |       ||     2
       Potion            |       |     1 ||     1
 Stab: Sleeping          |     1 |     4 ||     5
       Distracted        |       |     1 ||     1
Armor: Robe              |     2 |     5 ||     7
Dodge: Dodged            |    14 |    44 ||    58
